 Dungeon Crawl Stone Soup version 0.19.0-2-gae57169 (webtiles) character file.

60 Medar the Chiller (level 3, -1/21 HPs)
             Began as a High Elf Ice Elementalist on Nov 4, 2016.
             Slain by Ijyb
             ... wielding a +4 dagger of venom
              (7 damage)
             ... on level 2 of the Dungeon.
             The game lasted 00:07:50 (1935 turns).

Medar the Chiller (High Elf Ice Elementalist)       Turns: 1935, Time: 00:07:51

Health: -1/21      AC:  2    Str:  7    XL:     3   Next: 82%
Magic:  4/7        EV: 13    Int: 19    God:
Gold:   95         SH:  0    Dex: 16    Spells: 2 memorised, 3 levels left

rFire  . . .     SeeInvis .     a - +0 short sword
rCold  . . .     Gourm    .     e - +0 robe
rNeg   . . .     Faith    .     (no shield)
rPois  .         Spirit   .     (no helmet)
rElec  .         Reflect  .     (no cloak)
rCorr  .         Harm     .     (no gloves)
MR     +....                    (no boots)
Stlth  ++........               l - amulet of magic regeneration
                                (no ring)
                                o - ring of protection from magic

@: lethally poisoned (-1 -> -13)
A: no striking features
a: no special abilities


You were on level 2 of the Dungeon.
You were not hungry.

You visited 1 branch of the dungeon, and saw 2 of its levels.

You collected 95 gold pieces.

Inventory:

Hand Weapons
 a - a +0 short sword (weapon)
Armour
 e - a +0 robe (worn)
Jewellery
 l - an amulet of magic regeneration (around neck)
 o - a ring of protection from magic (left hand)
Scrolls
 f - a scroll of magic mapping {unknown}
 g - a scroll of teleportation
 r - a scroll of identify {@r2}
Potions
 d - a potion of agility
 i - a potion of ambrosia {unknown}
 j - 2 potions of curing {@q1}
 k - a potion of might {unknown}
 p - a potion of magic {unknown}
Books
 b - a book of Frost

   Spells                             Type                      Level
   a - Freeze                         Ice                          1
   b - Throw Frost                    Conjuration/Ice              2
   c - Ozocubu's Armour               Charms/Ice                   3
   d - Throw Icicle                   Conjuration/Ice              4
   e - Summon Ice Beast               Ice/Summoning                4
Comestibles
 c - a bread ration {@e1}
 h - 4 chunks of flesh
 m - 3 slices of pizza
 n - a meat ration {@e2}
 q - 4 fruits {@e3}


   Skills:
 - Level 2.1 Dodging
 - Level 2.1 Stealth
 - Level 2.4 Spellcasting
 - Level 1.1 Conjurations
 + Level 4.8 Ice Magic


You had 3 spell levels left.
You knew the following spells:

 Your Spells              Type           Power        Failure   Level  Hunger
c - Throw Frost           Conj/Ice       ##....       10%         2    ##.....
x - Freeze                Ice            ###.         2%          1    #......


Dungeon Overview and Level Annotations

Branches:
Dungeon (2/15)

Altars:
Makhleb
Uskayaw

Annotations:
D:2 Ijyb


Message History

Casting: Freeze
Confirm with . or Enter, or press ? or * to list all spells.
Aiming: Freeze
Press: ? - help, Shift-Dir - straight line, f/p - Ijyb
Aim: Ijyb, wielding a dagger of venom and carrying a wand of disintegration {zapped: 1} (moderately wounded)
You freeze Ijyb.
Ijyb is heavily wounded.
Ijyb hits you with a dagger of venom.
You are lethally poisoned!
You are too injured to fight recklessly!
Casting: Freeze
Confirm with . or Enter, or press ? or * to list all spells.
Aiming: Freeze
Press: ? - help, Shift-Dir - straight line, f/p - Ijyb
Aim: Ijyb, wielding a dagger of venom and carrying a wand of disintegration {zapped: 1} (heavily wounded)
You freeze Ijyb.
Ijyb is severely wounded.
* * * LOW HITPOINT WARNING * * *
You feel sick. Ijyb hits you with a dagger of venom!
You die...

.#.......#.##.#.
.##.....##.# #.#
.####.####.# #.# ##
........... #.#.# ...
#......#.) #.#.# ....
#.######.# #.#.# .....
#.######.####.#.##......
................@g.>....
########.#.##.#.#.#.#...
..##.....#.##.#.#.#.#
#.##.#####.##.#.#.#.#....
..##..............#.#....
####.######.#.#...).+...
..............#..##.#...
####..# ####.##..##.##.#


You could see Ijyb.

Vanquished Creatures
  A worm (D:2)
  6 dart slugs
  A leopard gecko (D:1)
  4 giant cockroaches
  4 goblins
  7 hobgoblins
  A ball python (D:2)
  7 bats
  4 frilled lizards
  7 kobolds
  4 rats
46 creatures vanquished.

Notes
Turn   | Place    | Note
-------+----------+-------------------------------------------
     0 | D:1      | Medar the High Elf Ice Elementalist began the quest for the Orb.
     0 | D:1      | Reached XP level 1. HP: 11/11 MP: 4/4
   290 | D:1      | Reached XP level 2. HP: 8/17 MP: 0/6
   813 | D:1      | Reached skill level 4 in Ice Magic
   817 | D:1      | Learned a level 2 spell: Throw Frost
  1109 | D:1      | Reached XP level 3. HP: 15/21 MP: 3/7
  1705 | D:2      | Found a burning altar of Makhleb.
  1870 | D:2      | Found a hide-covered altar of Uskayaw.
  1931 | D:2      | Noticed Ijyb
  1935 | D:2      | Slain by Ijyb

Skill      XL: |  1  2 |
---------------+-------+-----
Ice Magic      | 4 |  4.8
Dodging        | |  2.1
Stealth        | |  2.1
Spellcasting   | |  2.4
Conjurations   | |  1.1

Action                   || total
-------------------------++-------
 Cast: Freeze            ||    80
  Use: Scroll            ||     5
  Eat: Chunk             ||     3
Armor: Robe              ||     6
Dodge: Dodged            ||    36
